 Dungeon Crawl Stone Soup version 0.32-a0-900-g30fb1b0edc (webtiles) character file.

Game seed: 17176600524927480550

280 GiantSquids the Chopper (level 6, 0/51 HPs)
             Began as a Mountain Dwarf Fighter on Apr 5, 2024.
             Slain by Pargi (6 damage)
             ... in a sewer.
             The game lasted 00:04:55 (2120 turns).

GiantSquids the Chopper (Mountain Dwarf Fighter)    Turns: 2120, Time: 00:04:56

Health: 0/51       AC:  8    Str: 21    XL:     6   Next: 5%
Magic:  6/6        EV:  8    Int: 11    God:
Gold:   58         SH:  4    Dex:  9    Spells: 5/5 levels left

rFire   . . .        a - +0 war axe
rCold   . . .        c - +0 buckler
rNeg    . . .        b - +0 scale mail
rPois   .            m - +0 helmet {Int+3}
rElec   .            (no cloak)
rCorr   .            (no gloves)
SInv    .            (no boots)
Will    .....        (no amulet) Stlth
                     (no ring)
HPRegen 0.28/turn    (no ring)
MPRegen 0.10/turn

%: no passive effects
@: no status effects
A: runic magic, artefact enchanting
a: no special abilities


You were in a sewer.
You visited 1 branch of the dungeon, and saw 3 of its levels.
You also visited: Sewer.

You collected 58 gold pieces.

Inventory:

Hand Weapons
 a - a +0 war axe (weapon)
Missiles
 e - 30 stones (quivered)
Armour
 b - a +0 scale mail (worn)
 c - a +0 buckler (worn)
 m - a +0 helmet of intelligence (worn)
 p - a +0 cloak
Jewellery
 o - a ring of magical power
Wands
 q - a wand of paralysis (8)
Scrolls
 g - 3 scrolls of summoning {unknown}
 i - 2 scrolls of identify {unknown}
 k - a scroll of amnesia {unknown}
 l - 2 scrolls of enchant armour {unknown}
 r - a scroll of teleportation {unknown}
Potions
 d - 2 potions of heal wounds {unknown}
 f - a potion of invisibility {unknown}
 h - 3 potions of curing {unknown}
 j - 2 potions of attraction {unknown}
 n - a potion of mutation {unknown}


   Skills:
 - Level 3.2 Fighting
 + Level 7.7 Axes
 - Level 3.2 Armour
 - Level 3.2 Shields


You had 5 spell levels left.
You didn't know any spells.
Your spell library contained the following spells:

 Spells                   Type           Power      Damage    Failure   Level
 Sublimation of Blood     Necr           0%         N/A       63%         2
 Teleport Other           Tloc           0%         N/A       86%         3
 Leda's Liquefaction      Alch/Erth      0%         N/A       99%         4
 Passage of Golubria      Tloc           0%         N/A       99%         4
 Petrify                  Alch/Erth      0%         N/A       99%         4
 Sticky Flame             Fire/Alch      0%         2d4       99%         4
 Irradiate                Conj/Alch      0%         3d11      100%        5


Dungeon Overview and Level Annotations

Branches:
Dungeon (3/15)              Sewer (1/1)

Altars:

Annotations:
Sewer Pargi


Innate Abilities, Weirdness & Mutations

Your spellcasting is much less encumbered by armour.
You can use scrolls of enchantment on lesser artefacts.


Message History

Pargi is severely wounded.
Pargi bites you.
* * * LOW HITPOINT WARNING * * *
Pargi misses you. Pargi claws you.
* * * LOW HITPOINT WARNING * * *
You closely miss Pargi.
Pargi is heavily wounded.
Pargi bites you.
* * * LOW HITPOINT WARNING * * *
Pargi claws you but does no damage. Pargi claws you.
* * * LOW HITPOINT WARNING * * *
You barely miss Pargi.
Pargi is heavily wounded.
Pargi bites you but does no damage. Pargi claws you but does no damage.
You block Pargi's attack. Pargi barely misses you. x2
Pargi claws you but does no damage.
You barely miss Pargi.
Pargi is heavily wounded.
Pargi looks around nervously.
Pargi bites you.
* * * LOW HITPOINT WARNING * * *
Pargi claws you but does no damage. x2
You hit Pargi.
Pargi is heavily wounded.
Pargi pleads, "Don't hit me!"
You block Pargi's attack. Pargi closely misses you. Pargi misses you.
You closely miss Pargi.
Pargi is heavily wounded.
Pargi bites you.
* * * LOW HITPOINT WARNING * * *
Pargi claws you but does no damage. Pargi barely misses you.
You slash Pargi!
Pargi is almost dead.
Pargi bites you.
* * * LOW HITPOINT WARNING * * *
Pargi claws you but does no damage. You block Pargi's attack.
You hit Pargi.
Pargi is almost dead.
Pargi bites you.
You die...

############
#∩##[##.##.#
#.##.##.)..#
#+##+##+##.##'##'##'#
####...........).......#
~~~.~~~~~~~~~.~~~~~~~~~.
≈≈≈.≈≈≈≈≈≈≈≈≈∩≈≈≈≈≈≈≈≈≈.
~~~.~~~~~~~~~.~~~~~~~~~.
#...@...............#
#'##T##'##'##'##'##'#
..##.##.##.##.##.#
##$##.##[##.##(##.#
##################


You could see Pargi.

Vanquished Creatures
  Sigmund (D:2)
  2 river rats (D:3)
  2 adders
  4 dart slugs
  5 ribbon worms
  6 ball pythons
  4 bats
  2 giant cockroaches
  4 goblins
  9 hobgoblins
  3 jackals (D:1)
  6 frilled lizards
  9 kobolds
  7 rats
64 creatures vanquished.

Notes
Turn   | Place    | Note
-------+----------+-------------------------------------------
     0 | D:1      | GiantSquids the Mountain Dwarf Fighter began the quest for
                  | the Orb.
     0 | D:1      | Reached XP level 1. HP: 19/19 MP: 1/1
    65 | D:1      | Found a faded altar of an unknown god.
    76 | D:1      | Reached skill level 3 in Axes
   118 | D:1      | Reached XP level 2. HP: 19/26 MP: 2/2
   446 | D:1      | Reached skill level 4 in Axes
   505 | D:1      | Got the Anthology of the Planar Panacea
   540 | D:1      | Reached XP level 3. HP: 31/31 MP: 3/3
  1079 | D:2      | Reached skill level 5 in Axes
  1123 | D:2      | Noticed Sigmund
  1136 | D:2      | Killed Sigmund
  1137 | D:2      | Reached skill level 7 in Axes
  1137 | D:2      | Reached XP level 4. HP: 6/38 MP: 4/4
  1137 | D:2      | Reached XP level 5. HP: 7/45 MP: 5/5
  1995 | D:3      | Found a glowing drain.
  2004 | D:3      | Reached XP level 6. HP: 46/51 MP: 6/6
  2022 | Sewer    | Entered a sewer
  2081 | Sewer    | Noticed Pargi
  2120 | Sewer    | Slain by Pargi

Illustrated notes

Levels and vault maps discovered:
D:1:      tarquinn_simple_flora_water_f, layout_basic, basic_ecumenical_altar
D:2:      layout_rooms, st_stairs_4, minivault_25, uniq_sigmund
D:3:      layout_basic, nzn_hepliaklqana_mist_gate, portal_sewer_entry_b,
          chequers_serial_rivers_micro_b, uniq_crazy_yiuf_cottage
Sewer:    kennysheep_door_sewer

Skill      XL: |  1  2  3 |
---------------+----------+-----
Axes           | 3 4 7 |  7.7
Fighting       | |  3.2
Armour         | |  3.2
Shields        | |  3.2

Action                     |  1- 3 |  4- 6 || total
---------------------------+-------+-------++-------
  Melee: War axe           |    91 |   107 ||   198
    Use: Potion            |     1 |       ||     1
 Armour: Scale mail        |    95 |   125 ||   220
  Dodge: Dodged            |    35 |    70 ||   105
  Block: Buckler           |    17 |    28 ||    45

Table legend: (Time is in decaauts)
 A = Elapsed time spent in this place.
 B = Non-inter-level travel time spent in this place.
 C = Inter-level travel time spent in this place.
 D = Time resting spent in this place.
 E = Time spent auto-exploring this place.
 F = Levels seen in this place.
 G = Mean time per level.
                   A        B        C        D        E       F      G
               +--------+--------+--------+--------+--------+-----+--------+
         Total |   2169 |   2115 |     54 |    133 |   1264 |   4 |  542.2 |
       Dungeon |   2063 |   2009 |     54 |    133 |   1264 |   3 |  687.7 |
         Sewer |    105 |    105 |      0 |      0 |      0 |   1 |  105.0 |
               +--------+--------+--------+--------+--------+-----+--------+

Top non-repeatable levels by time:
     D:2: 880 daAuts
     D:1: 846 daAuts
     D:3: 336 daAuts
   Sewer: 105 daAuts
